 Dungeon Crawl Stone Soup version 0.18-a0-1164-g7046a04 (webtiles) character file.

53 mrath the Chopper (level 3, -2/31 HPs)
             Began as a Minotaur Fighter on Jan 26, 2016.
             Killed from afar by yogakurto's ghost (6 damage)
             ... with a puff of flame
             ... on level 3 of the Dungeon.
             The game lasted 00:06:35 (1960 turns).

mrath the Chopper (Minotaur Fighter)                Turns: 1960, Time: 00:06:35

Health: -2/31      AC:  6    Str: 21    XL:     3   Next: 64%
Magic:  2/2        EV:  7    Int:  5    God:
Gold:   151        SH:  9    Dex:  9    Spells: 0 memorised, 2 levels left

rFire  . . .     SeeInvis .     a - +0 war axe
rCold  . . .     Gourm    .     b - +0 scale mail
rNeg   . . .     Faith    .     c - +0 shield
rPois  .         Spirit   .     (helmet restricted)
rElec  .         Dismiss  .     (no cloak)
rCorr  .         Reflect  .     (no gloves)
SustAt .         Harm     .     (no boots)
MR     .....                    (no amulet)
Stlth  ..........               (no ring)
                                (no ring)

@: not resistant to hostile enchantments, extremely unstealthy
A: retaliatory headbutt, horns 2
a: no special abilities


You were on level 3 of the Dungeon.
You were not hungry.

You visited 1 branch of the dungeon, and saw 3 of its levels.

You collected 151 gold pieces.

Inventory:

Hand Weapons
 a - a +0 war axe (weapon)
 m - a +2 dagger of venom
 y - a +2 rapier of draining
Missiles
 e - 87 stones (quivered)
 s - 27 poisoned needles
Armour
 b - a +0 scale mail (worn)
 c - a +0 shield (worn)
 v - a +0 plate armour
Jewellery
 i - an uncursed ring of wizardry {unknown}
 u - a +2 amulet of reflection {unknown}
Wands
 r - a wand of random effects (31/48)
Scrolls
 j - 2 scrolls of teleportation {unknown}
 k - 4 scrolls of identify {unknown}
 l - 2 scrolls of remove curse {unknown}
 n - a scroll of amnesia {unknown}
 o - 2 scrolls of recharging {unknown}
Potions
 d - a potion of might
 h - a potion of heal wounds {unknown}
 p - a potion of curing {unknown}
 q - a potion of lignification {unknown}
 t - a potion of invisibility {unknown}
 w - a potion of agility {unknown}
 z - a potion of haste {unknown}
Comestibles
 f - 2 bread rations
 g - 3 meat rations
 x - 2 chunks of flesh


   Skills:
 - Level 3.6 Fighting
 + Level 4.9 Axes
 - Level 3.6 Armour
 - Level 3.6 Shields


You had 2 spell levels left.
You didn't know any spells.

Dungeon Overview and Level Annotations

Branches:
Dungeon (3/15)

Altars:

Annotations:
D:3 yogakurto's ghost, amateur HEFE


Innate Abilities, Weirdness & Mutations

You reflexively headbutt those who attack you in melee.
You have a pair of horns on your head.


Message History

You enter a teleport trap!
The teleport trap disappears.
Your surroundings suddenly seem different.
Yogakurto's ghost (amateur High Elf Fire Elementalist) comes into view.
Yogakurto's ghost turns its malevolent gaze towards you.
Yogakurto's ghost gestures at you while chanting.
The puff of flame hits you! Yogakurto's ghost casts a spell at you.
The flame tongue hits you!
Yogakurto's ghost gestures at you while chanting.
The puff of flame hits you! You block yogakurto's ghost's attack.
Yogakurto's ghost casts a spell at you. The puff of flame hits you!
Yogakurto's ghost casts a spell at you. The puff of flame hits you!
* * * LOW HITPOINT WARNING * * *
Some of the chunks of flesh in your inventory have rotted away.
Yogakurto's ghost casts a spell at you. The puff of flame hits you!
You die...

#.# #.# #W# #.#
####W# #....#
#.####
#.#############..#
#......W...@.....#
##
################.#
.. ## .. #. .##
..# #.#


You could see yogakurto's ghost.

Vanquished Creatures
  An adder (D:2)
  An ooze (D:1)
  A worm (D:2)
  2 giant geckos (D:2)
  A ball python (D:1)
  8 bats
  3 giant cockroaches
  5 goblins
  4 hobgoblins
  2 giant newts
  7 rats
35 creatures vanquished.

Notes
Turn   | Place    | Note
--------------------------------------------------------------
     0 | D:1      | mrath the Minotaur Fighter began the quest for the Orb.
     0 | D:1      | Reached XP level 1. HP: 19/19 MP: 0/0
   244 | D:1      | Reached XP level 2. HP: 23/26 MP: 1/1
   645 | D:1      | Reached skill level 4 in Axes
  1045 | D:2      | Reached XP level 3. HP: 27/31 MP: 2/2
  1898 | D:3      | Noticed yogakurto's ghost (amateur HEFE)
  1960 | D:3      | Killed from afar by yogakurto's ghost

Vault maps used:
D:1:      erik_arrival_cave_to_civilisation
D:2:      minmay_misc_feat_alley
D:3:      first_bread, uniq_crazy_yiuf_cottage

Action                   || total
-------------------------++-------
Melee: War axe           ||    79
Throw: Stone             ||     3
  Eat: Chunk             ||     3
